 Dungeon Crawl Stone Soup version 0.25-a0-482-g9b3b753f3f (webtiles) character file.

Game seed: 12921887507614334842, levelgen mode: deterministic

2954 Emblim88 the Grappler (level 9, 0/92 HPs)
             Began as a Troll Monk on Feb 10, 2020.
             Slain by a seven-headed hydra (11 damage)
             ... in the Ecumenical Temple.
             The game lasted 00:10:37 (5617 turns).

Emblim88 the Grappler (Troll Monk)                  Turns: 5617, Time: 00:10:38

Health: 0/92       AC: 11    Str: 26    XL:     9   Next: 52%
Magic:  8/8        EV: 10    Int:  6    God:
Gold:   466        SH:  0    Dex: 12    Spells: 8/8 levels left

rFire    . . .     SeeInvis .     - Unarmed
rCold    . . .     Gourm    +   (no shield)
rNeg     . . .     Faith    .   a - +0 robe
rPois    .         Spirit   .   (helmet restricted)
rElec    .         Reflect  .   (no cloak)
rCorr    .         Harm     .   (gloves unavailable)
MR       .....                  (boots unavailable)
Stlth    ++........             (no amulet)
HPRegen  0.65/turn              t - +2 ring of strength
MPRegen  0.11/turn              f - +5 ring of protection

@: no status effects
A: large, unfitting armour, claws 3, fast metabolism 3, gourmand, regeneration
1, shaggy fur 1, tough skin 3
a: no special abilities


You were in the Ecumenical Temple.
You were completely stuffed.

You visited 2 branches of the dungeon, and saw 8 of its levels.

You collected 466 gold pieces.

Inventory:

Hand Weapons
 r - a +2 dagger of venom
Missiles
 d - 334 stones (quivered)
Armour
 a - a +0 robe (worn)
Magical Staves
 p - an uncursed staff of death {unknown}
Jewellery
 f - a +5 ring of protection (right claw)
 t - a +2 ring of strength (left claw)
Wands
 q - a wand of digging (3)
 v - a wand of disintegration (2)
Scrolls
 c - 2 scrolls of enchant armour {unknown}
 h - 3 scrolls of teleportation
 i - a scroll of immolation
 l - 3 scrolls of fear
 m - 8 scrolls of remove curse
 w - a scroll of noise {unknown}
 x - a scroll of random uselessness {unknown}
 y - 4 scrolls of identify
 A - a scroll of blinking {unknown}
 B - a scroll of fog {unknown}
Potions
 e - 6 potions of curing {unknown}
 g - 3 potions of agility {unknown}
 j - 2 potions of heal wounds
 k - 2 potions of cancellation {unknown}
 n - a potion of might {unknown}
 o - a potion of lignification {unknown}
 s - a potion of flight {unknown}
 u - 2 potions of berserk rage {unknown}
 z - a potion of invisibility {unknown}
 C - a potion of ambrosia {unknown}
 D - 2 potions of brilliance {unknown}
Comestibles
 b - 11 rations
 E - 4 chunks of flesh


   Skills:
 + Level 6.8 Fighting
 - Level 2.4 Dodging
 - Level 1.0 Stealth
 * Level 11.1 Unarmed Combat
 + Level 0.7 Evocations


You had 8 spell levels left.
You didn't know any spells.
Your spell library contained the following spells:

 Spells                   Type           Power        Failure   Level  Hunger
 Freeze                   Ice            #...         45%         1    ##.....
 Frozen Ramparts          Ice            #.....       83%         3    ####...
 Ozocubu's Armour         Chrm/Ice       #.......     83%         3    ####...
 Hailstorm                Conj/Ice       #.......     99%         4    #####..
 Summon Ice Beast         Ice/Summ       #.......     99%         4    #####..


Dungeon Overview and Level Annotations

Branches:
Dungeon (7/15)             Temple (1/1) D:7

Altars:
Ashenzari
Cheibriados
Fedhas
Gozag
Nemelex Xobeh


Innate Abilities, Weirdness & Mutations

You are too large for most types of armour.
You have claws for hands.
Your metabolism is lightning-fast.
You like to eat raw meat.
Your natural rate of healing is unusually fast.
You are covered in fur. (AC +1)
You have extremely tough skin. (AC +3)


Message History

Aiming: Disintegrate
Press: ? - help, Shift-Dir - straight line, f - seven-headed hydra
Aim: a seven-headed hydra (chance to defeat MR: 33%)
The seven-headed hydra easily resists.
The seven-headed hydra bites you.
The seven-headed hydra barely misses you.
The seven-headed hydra completely misses you.
The seven-headed hydra bites you but does no damage.
The seven-headed hydra bites you.
* * * LOW HITPOINT WARNING * * *
The seven-headed hydra bites you.
* * * LOW HITPOINT WARNING * * *
The seven-headed hydra bites you!
* * * LOW HITPOINT WARNING * * *
Unknown command.
Evoke which item? (* to show all) (? for menu, Esc to quit)
Aiming: Disintegrate
Press: ? - help, Shift-Dir - straight line, f/p - seven-headed hydra
Aim: a seven-headed hydra (chance to defeat MR: 33%)
The seven-headed hydra is blasted!
The seven-headed hydra bites you!
You die...

♣♣♣♣♣♣♣
♣♣♣.....♣♣♣
♣♣♣.........♣♣♣♣
...............♣
♣.....D@....♣
♣...........♣
♣♣.........♣♣
♣♣♣.....♣♣♣
♣♣♣♣♣♣♣


You could see a seven-headed hydra.

Vanquished Creatures
  2 hippogriffs (D:7)
  Duvessa (D:6)
  2 orc warriors
  8 ogres
  2 phantoms (D:4)
  4 centaurs
  2 bullfrogs (D:6)
  Dowan (D:6)
  2 howler monkeys
  2 crimson imps
  A quasit (D:5)
  A jelly (D:5)
  A hound (D:6)
  A bullfrog skeleton (D:4)
  An orc priest (D:2)
  5 orc wizards
  A centaur skeleton (D:7)
  5 worker ants
  17 adders
  An ooze (D:3)
  6 worms
  A dart slug (D:1)
  6 leopard geckos
  21 orcs
  10 giant cockroaches
  9 goblins
  6 hobgoblins
  3 jackals (D:4)
  6 kobolds
  A ball python (D:2)
  5 bats
  3 frilled lizards
  A jackal skeleton (D:6)
  2 quokka skeletons
  3 rats (D:1)
143 creatures vanquished.

Vanquished Creatures (others)
  A phantom (D:6)
1 creature vanquished.

Grand Total: 144 creatures vanquished

Notes
Turn   | Place    | Note
-------+----------+-------------------------------------------
     0 | D:1      | Emblim88 the Troll Monk began the quest for the Orb.
     0 | D:1      | Reached XP level 1. HP: 22/22 MP: 0/0
    77 | D:1      | Reached XP level 2. HP: 29/29 MP: 1/1
   512 | D:2      | Reached skill level 4 in Unarmed Combat
   512 | D:2      | Reached XP level 3. HP: 36/36 MP: 2/2
   812 | D:2      | Reached XP level 4. HP: 45/45 MP: 3/3
   937 | D:2      | Found a blossoming altar of Fedhas.
  1075 | D:2      | Noticed an orc warrior
  1083 | D:2      | Killed an orc warrior
  1083 | D:2      | Reached skill level 5 in Unarmed Combat
  1083 | D:2      | Reached XP level 5. HP: 18/53 MP: 4/4
  1688 | D:3      | Reached XP level 6. HP: 62/62 MP: 5/5
  2086 | D:3      | Reached skill level 6 in Unarmed Combat
  2437 | D:4      | Reached XP level 7. HP: 35/70 MP: 6/6
  2638 | D:4      | Found a sparkling altar of Nemelex Xobeh.
  2772 | D:4      | Reached skill level 7 in Unarmed Combat
  3566 | D:5      | Entered Level 5 of the Dungeon
  3573 | D:5      | Reached skill level 5 in Fighting
  3573 | D:5      | Reached skill level 8 in Unarmed Combat
  3603 | D:5      | Reached XP level 8. HP: 80/80 MP: 7/7
  4143 | D:5      | Reached skill level 9 in Unarmed Combat
  4486 | D:6      | Noticed Dowan
  4487 | D:6      | Noticed Duvessa
  4497 | D:6      | Killed Duvessa
  4498 | D:6      | Reached skill level 10 in Unarmed Combat
  4501 | D:6      | Killed Dowan
  4501 | D:6      | Reached XP level 9. HP: 87/89 MP: 8/8
  4617 | D:6      | Found an opulent altar of Gozag.
  4619 | D:6      | Found a snail-covered altar of Cheibriados.
  4619 | D:6      | Found a shattered altar of Ashenzari.
  5175 | D:7      | Found a staircase to the Ecumenical Temple.
  5203 | D:7      | Noticed a seven-headed hydra
  5414 | D:7      | Reached skill level 11 in Unarmed Combat
  5614 | Temple   | Entered the Ecumenical Temple
  5617 | Temple   | Slain by a seven-headed hydra

Levels and vault maps discovered:
D:1:      dpeg_arrival_arbitrary_b, layout_rooms
D:2:      layout_basic, fedhas_altar_4, dk_vineyard_1
D:3:      layout_loops_ring, kennysheep_generic_room_2
D:4:      layout_layer_cave, nemelex_xobeh_ov_fountains_minmay,
          kennysheep_generic_room_5
D:5:      layout_loops_cross, first_ration, minmay_misc_feat_iff
D:6:      layout_rooms, chequers_temple_overflow_statue_of_worship,
          grunt_decor_arrowhead, uniq_duvessa
D:7:      layout_cave_pools, minmay_temple_entry_mist
Temple:   jpeg_temple_clearing

Skill      XL: |  1  2  3  4  5  6  7  8  9 |
---------------+----------------------------+-----
Unarmed Combat | 4 5 6 8 10 11 | 11.1
Fighting       | 3 4 5 6 |  6.8
Dodging        | |  2.4
Stealth        | |  1.0
Evocations     | |  0.7

Action                   |  1- 3 |  4- 6 |  7- 9 || total
-------------------------+-------+-------+-------++-------
Melee: Unarmed           |    99 |   118 |   223 ||   440
       Punch             |     1 |     2 |    12 ||    15
Evoke: Wand              |       |       |     6 ||     6
  Use: Scroll            |       |     4 |     1 ||     5
       Potion            |       |       |     1 ||     1
 Stab: Sleeping          |     5 |     1 |     6 ||    12
  Eat: Chunk             |    13 |    15 |    29 ||    57
Armor: Robe              |    47 |    40 |    75 ||   162
Dodge: Dodged            |    49 |    51 |   114 ||   214

Table legend:
 A = Non-vault XP
 B = Vault XP
 C = Vault XP percentage of total XP
 D = Non-vault monster count
 E = Vault monster count
 F = Vault count percentage of total count
                 A         B        C        D         E       F
            +---------+---------+-------+---------+---------+-------
      Total |    3943 |     277 |   6.6 |     138 |       6 |   4.2
            +---------+---------+-------+---------+---------+-------
        D:1 |      38 |       0 |   0.0 |      21 |       0 |   0.0
        D:2 |     270 |       0 |   0.0 |      23 |       0 |   0.0
        D:3 |     132 |      10 |   7.0 |      18 |       3 |  14.3
        D:4 |     802 |      41 |   4.9 |      20 |       1 |   4.8
        D:5 |     633 |       0 |   0.0 |      15 |       0 |   0.0
        D:6 |    1313 |     226 |  14.7 |      30 |       2 |   6.2
        D:7 |     755 |       0 |   0.0 |      11 |       0 |   0.0
            +---------+---------+-------+---------+---------+-------
